 Dungeon Sprint DCSS version 0.24-a0-416-g56ce517 (webtiles) character file.

Game seed: 5887155346314179594

93 schets the Skirmisher (level 4, -8/58 HPs)
             Began as a Demonspawn Fighter on June 9, 2019.
             Mangled by a water elemental (13 damage)
             ... in the Dungeon (Sprint III: "The Ten Rune Challenge").
             The game lasted 00:00:50 (727 turns).

schets the Skirmisher (Demonspawn Fighter)           Turns: 727, Time: 00:00:51

Health: -8/58      AC:  7    Str: 22    XL:     4   Next: 36%
Magic:  4/4        EV:  9    Int: 10    God:
Gold:   21         SH:  9    Dex: 12    Spells: 3/3 levels left

rFire    . . .     SeeInvis .   a - +0 war axe
rCold    . . .     Gourm    .   c - +0 shield
rNeg     . . .     Faith    .   b - +0 scale mail
rPois    .         Spirit   .   (no helmet)
rElec    .         Reflect  .   (no cloak)
rCorr    .         Harm     .   (no gloves)
MR       .....     NoTele   +   (no boots)
Stlth    ..........             (no amulet)
HPRegen  0.19/turn              (no ring)
MPRegen  0.09/turn              (no ring)

@: berserking, engulfed (cannot breathe), very quick
A: powered by pain 2
a: no special abilities


You were in the Dungeon.
You were not hungry.

You visited 1 branch You collected 21 gold pieces.

Inventory:

Hand Weapons
 a - a +0 war axe (weapon)
Armour
 b - a +0 scale mail (worn)
 c - a +0 shield (worn)
Scrolls
 k - a scroll of blinking
 m - a scroll of magic mapping {unknown}
 o - 2 scrolls of identify {unknown}
 p - 2 scrolls of torment {unknown}
 q - a scroll of random uselessness {unknown}
 r - a scroll of remove curse {unknown}
 u - a scroll of fear {unknown}
Potions
 d - a potion of might
 e - a potion of curing
 g - a potion of heal wounds
 h - a potion of haste
 i - 2 potions of magic
 l - 3 potions of mutation {unknown}
 n - a potion of cancellation {unknown}
 s - 2 potions of degeneration {unknown}
 t - 3 potions of flight
Comestibles
 f - 3 rations


   Skills:
 * Level 5.4 Fighting
 * Level 4.5 Axes
 + Level 4.0 Armour
 + Level 2.6 Dodging
 + Level 4.0 Shields


You had 3 spell levels left.
You didn't know any spells.
Your spell library was empty.

Dungeon Overview and Level Annotations

Branches:
Dungeon (1/1)

Altars:


Innate Abilities, Weirdness & Mutations

You sometimes gain power by taking damage.


Message History

Moving in this stuff is going to be slow.
You open the door.
A water elemental comes into view.
The water elemental hits you!!
The water elemental engulfs you in water!
There is an open door to the Ecumenical Temple, spattered with blood here.
A red film seems to cover your vision as you go berserk!
You feel yourself moving faster!
You feel mighty!
Your lungs strain for air!
The water elemental hits you!
You closely miss the water elemental.
* * * LOW HITPOINT WARNING * * *
Your lungs strain for air!
The water elemental barely misses you.
You slice the water elemental!!
The water elemental is severely damaged.
* * * LOW HITPOINT WARNING * * *
Your lungs strain for air!
The water elemental hits you!
You die...

▓▓▓▓▓▓▓▓▓ ▓▓▓
.#..'...♣♣♣♣ ♣.#
.#..#......♣ ♣♣.#
'####....♣♣♣ ♣..#
.÷..#....≈.♣♣♣..###+#+##
....#...≈≈......#.......
....#..≈≈≈≈...♣.@E⌠.....
###'#..≈≈≈≈≈≈♣..#...####
..)÷#.≈≈≈≈≈≈....#.⌠.#
....#.≈≈≈≈≈.....#...#
....#.≈≈≈.......#+###
#####...........#
................#
▓▓▓▓▓▓▓▓▓▓▓▓▓▓▓▓▓


You could see a water elemental.

Vanquished Creatures
  A scorpion (D)
  Jessica (D)
  A human (D)
  3 rats (D)
6 creatures vanquished.

Vanquished Creatures (others)
  2 draconian scorchers (D)
  6 hellions (D)
  2 yaktaurs (D)
10 creatures vanquished.

Grand Total: 16 creatures vanquished

Notes
Turn   | Place    | Note
-------+----------+-------------------------------------------
     0 | D        | schets the Demonspawn Fighter began the quest for the Orb.
     0 | D        | Reached XP level 1. HP: 18/18 MP: 1/1
    17 | D        | Noticed Jessica
    21 | D        | Killed Jessica
    21 | D        | Reached skill level 4 in Fighting
    21 | D        | Reached skill level 1 in Dodging
    21 | D        | Gained mutation: You sometimes gain a little power by
                  | taking damage. [demonic ancestry]
    21 | D        | Reached XP level 2. HP: 20/25 MP: 2/2
    91 | D        | Killed a hellion
    93 | D        | Killed a hellion
    93 | D        | Killed a hellion
    93 | D        | Killed a hellion
    93 | D        | Killed a hellion
   114 | D        | Killed a hellion
   122 | D        | HP: 1/25 [human (5)]
   125 | D        | Reached XP level 3. HP: 2/31 MP: 3/3
   142 | D        | Killed a white draconian scorcher
   142 | D        | Killed a white draconian scorcher
   257 | D        | Killed a yaktaur
   418 | D        | Noticed a scorpion
   431 | D        | Killed a scorpion
   431 | D        | Reached skill level 5 in Fighting
   431 | D        | Gained mutation: You sometimes gain power by taking damage.
                  | [demonic ancestry]
   431 | D        | Reached XP level 4. HP: 21/39 MP: 4/4
   558 | D        | Killed a yaktaur
   723 | D        | Noticed a water elemental
   727 | D        | Mangled by a water elemental

Levels and vault maps discovered:
D:        dungeon_sprint_mu [sprint_mu_entry_forest, sprint_mu_temple_rooms,
          sprint_mu_d1_spiders, sprint_mu_d2_genie, sprint_mu_d3_branching,
          sprint_mu_orc_legion, sprint_mu_elf_gauntlet, sprint_mu_hive_nellie,
          sprint_mu_lair_fedhas, sprint_mu_vaults_butterflies,
          sprint_mu_slime_circle, sprint_mu_swamp_cave, sprint_mu_shoals_archi,
          sprint_mu_blade_basic, sprint_mu_crypt_chambers,
          sprint_mu_tomb_spiral, sprint_mu_vestibule_basic,
          sprint_mu_gehenna_hellfire, sprint_mu_dis_giant,
          sprint_mu_tartarus_statrot, sprint_mu_cocytus_islands, sprint_mu_zot1]

Skill      XL: |  1  2  3 |
---------------+----------+-----
Axes           | 3 4 |  4.5
Fighting       | 4 5 |  5.4
Armour         | 3 4 |  4.0
Dodging        | 1 2 |  2.6
Shields        | 3 4 |  4.0

Action                   |  1- 3 |  4- 6 || total
-------------------------+-------+-------++-------
Melee: War axe           |    37 |     2 ||    39
  Use: Potion            |       |     1 ||     1
Armor: Scale mail        |    13 |       ||    13
Dodge: Dodged            |     7 |     1 ||     8
Block: Shield            |    20 |       ||    20

Table legend:
 A = Non-vault XP
 B = Vault XP
 C = Vault XP percentage of total XP
 D = Non-vault monster count
 E = Vault monster count
 F = Vault count percentage of total count
                 A         B        C        D         E       F
            +---------+---------+-------+---------+---------+-------
      Total |       0 |     133 | 100.0 |       0 |       6 | 100.0
            +---------+---------+-------+---------+---------+-------
          D |       0 |     133 | 100.0 |       0 |       6 | 100.0
            +---------+---------+-------+---------+---------+-------
